 Dungeon Crawl Stone Soup version 0.21.0-25-ge575cb9 (webtiles) character file.

1774118 KeeTraxx the Victor of a Thousand Battles (level 27, 327/327 HPs)
             Began as a Gnoll Skald on Jan 11, 2018.
             Was the Champion of Okawaru.
             Escaped with the Orb
             ... and 3 runes on Jan 23, 2018!
             The game lasted 04:57:45 (62579 turns).

KeeTraxx the Victor of a Thousand Battles (GnSk)   Turns: 62579, Time: 04:57:46

Health: 327/327    AC: 22    Str: 25    XL:     27
Magic:  45/45      EV: 26    Int: 26    God:    Okawaru [******]
Gold:   3575       SH: 21    Dex: 16    Spells: 4/62 levels left

rFire    + + .     SeeInvis +   a - +9 demon trident (pain)
rCold    + . .     Gourm    .   M - +1 shield of Forking Paths {rF+}
rNeg     . . .     Faith    .   w - +1 troll leather armour "Aggyskor" {MR+ Regen+ SInv}
rPois    +         Spirit   .   m - +2 hat {SInv}
rElec    .         Reflect  +   R - +2 cloak {MR+}
rCorr    .         Harm     .   y - +3 pair of gauntlets of War {Slay+5}
MR       +++++                  x - +2 pair of boots {run}
Stlth    ..........             o - +4 amulet of reflection
HPRegen  1.04/turn              p - ring of Idav {rPois rF+ MR+ Str+5}
MPRegen  0.29/turn              S - ring "Vees" {rC+ MR+}

@: berserking, deflect missiles, very quick
A: distributed training, fangs 1, strong nose
0: Orb of Zot
}: 3/15 runes: decaying, serpentine, silver
a: Heroism, Finesse, Renounce Religion


You escaped.
You worshipped Okawaru.
Okawaru was exalted by your worship.
You were not hungry.

You visited 8 branches of the dungeon, and saw 46 of its levels.
You also visited: Ossuary.

You collected 7456 gold pieces.
You spent 3881 gold pieces at shops.

Inventory:

Hand Weapons
 a - a +9 demon trident of pain (weapon)
 b - the +10 hunting sling of Conversion {freeze, rN+ Dex+7}
   (Okawaru gifted it to you on level 4 of the Swamp)

   It causes projectiles fired from it to freeze those they strike, causing
   extra injury to most foes and up to half again as much damage against
   particularly susceptible opponents.
   They can also slow down cold-blooded creatures.
   It affects your dexterity (+7).
   It protects you from negative energy.
Missiles
 L - 155 sling bullets
 Q - 9 throwing nets (quivered)
Armour
 i - +7 swamp dragon scales
 m - a +2 hat of see invisible (worn)
 w - the +1 troll leather armour "Aggyskor" (worn) {MR+ Regen+ SInv}
   (Okawaru gifted it to you on level 5 of the Realm of Zot)

   It affects your resistance to hostile enchantments.
   It lets you see invisible.
   It increases your rate of regeneration.
 x - a +2 pair of boots of running (worn)
 y - the +3 pair of gauntlets of War (worn) {Slay+5}
   (You bought it in a shop on level 2 of the Vaults)

   It affects your accuracy and damage with ranged weapons and melee attacks
   (+5).
 M - the +1 shield of Forking Paths (worn) {rF+}
   (Okawaru gifted it to you on level 3 of the Swamp)

   It protects you from fire.
 R - a +2 cloak of magic resistance (worn)
Jewellery
 o - a +4 amulet of reflection (around neck)
 p - the ring of Idav (left hand) {rPois rF+ MR+ Str+5}
   (You took it off a centaur warrior on level 1 of the Vaults)

   [ring of poison resistance]

   It affects your strength (+5).
   It protects you from fire.
   It protects you from poison.
   It affects your resistance to hostile enchantments.
 S - the ring "Vees" (right hand) {rC+ MR+}
   (You bought it in a shop on level 3 of the Snake Pit)

   [ring of protection from magic]

   It protects you from cold.
   It affects your resistance to hostile enchantments.
Wands
 k - a wand of clouds (4)
 n - a wand of paralysis (87)
 q - a wand of iceblast (47)
 H - a wand of disintegration (15)
 P - a wand of digging (43)
 T - a wand of acid (51)
Scrolls
 f - 21 scrolls of teleportation
 g - 7 scrolls of fog
 h - 22 scrolls of remove curse
 l - 3 scrolls of fear
 z - a scroll of summoning
 E - 8 scrolls of immolation
 F - 5 scrolls of blinking
 G - 3 scrolls of amnesia
 I - 6 scrolls of enchant weapon
 N - 2 scrolls of silence
 O - a scroll of brand weapon
 U - 2 scrolls of magic mapping
Potions
 e - 25 potions of curing
 j - 3 potions of flight
 s - 4 potions of invisibility
 t - 7 potions of agility
 u - 4 potions of heal wounds
 v - 6 potions of might
 B - a potion of berserk rage
 C - 3 potions of cancellation
 D - 7 potions of mutation
 J - 11 potions of brilliance
 K - 2 potions of resistance
 Y - 6 potions of magic
 Z - 9 potions of haste
Miscellaneous
 A - a box of beasts
 V - a lightning rod (4/4)
 W - a lamp of fire
Comestibles
 d - 67 rations


   Skills:
 + Level 18.2 Fighting
 + Level 17.7 Short Blades
 + Level 17.7 Long Blades
 + Level 17.7 Axes
 + Level 17.7 Maces & Flails
 + Level 18.2 Polearms
 + Level 17.7 Staves
 + Level 17.7 Slings
 + Level 17.7 Bows
 + Level 17.7 Crossbows
 + Level 17.7 Throwing
 + Level 17.9 Armour
 + Level 18.2 Dodging
 + Level 17.7 Stealth
 + Level 17.7 Shields
 + Level 17.7 Unarmed Combat
 + Level 18.2 Spellcasting
 + Level 15.3 Conjurations
 + Level 15.3 Hexes
 + Level 16.0 Charms
 + Level 15.3 Summonings
 + Level 15.3 Necromancy
 + Level 15.3 Translocations
 + Level 15.3 Transmutations
 + Level 15.3 Fire Magic
 + Level 15.3 Ice Magic
 + Level 15.3 Air Magic
 + Level 15.3 Earth Magic
 + Level 15.3 Poison Magic
 + Level 19.1 Invocations
 + Level 17.7 Evocations


You had 4 spell levels left.
You knew the following spells:

 Your Spells              Type           Power        Failure   Level  Hunger
a - Infusion              Chrm           ####         0%          1    None
b - Regeneration          Chrm/Necr      #######...   0%          3    None
c - Spectral Weapon       Hex/Chrm       #######.     0%          3    None
d - Passwall              Tmut/Erth      #######...   0%          2    None
e - Spellforged Servitor  Conj/Summ      #######...   3%          7    #####..
f - Orb of Destruction    Conj           #######...   3%          7    #####..
g - Summon Lightning Spi  Summ/Air       #######.     1%          4    None
h - Portal Projectile     Hex/Tloc       ######       0%          3    None
i - Deflect Missiles      Chrm/Air       #######...   1%          6    ###....
k - Blink                 Tloc           N/A          0%          2    None
l - Passage of Golubria   Tloc           N/A          1%          4    None
m - Silence               Hex/Air        #######...   1%          5    None
n - Animate Dead          Necr           N/A          1%          4    None
o - Apportation           Tloc           ######       0%          1    None
p - Iron Shot             Conj/Erth      #######...   1%          6    ###....


Dungeon Overview and Level Annotations

Branches:
Dungeon (15/15)            Temple (0/1) D:5            Lair (6/6) D:8
  Swamp (4/4) Lair:4        Snake (4/4) Lair:2        Slime (0/5) Lair:5
    Orc (2/2) D:12            Elf (0/3) Orc:2        Vaults (5/5) D:14
  Crypt (0/3) Vaults:2     Depths (5/5) D:15            Zot (5/5) Depths:5

Altars:
Cheibriados
Dithmenos
Gozag
Kikubaaqudgha
Makhleb
Okawaru
Qazlal
Sif Muna
Trog
Vehumet
Yredelemnul
The Shining One
Jiyva

Shops:
D:10 (*   D:14 (   Orc:2 [*%!   Snake:3 =}=   Vaults:2 [

Portals:
Hell: Depths:1 Depths:2 Depths:3 Depths:4 Depths:5
Abyss: Depths:4
Pandemonium: Depths:1 Depths:3 Depths:4 Depths:5
Ziggurat: Depths:2

Annotations:
Lair:3 Fannar


Innate Abilities, Weirdness & Mutations

Your experience applies equally to all skills.
You have very sharp teeth.
Your uncanny sense of smell can sniff out nearby items.


Message History

(D) Dungeon (T) Temple (L) Lair (S) Swamp (P) Snake Pit (M) Slime Pits (O) Orcish Mines (E) Elven Halls (V) Vaults (C) Crypt (U) Depths (H) Hell (Z) Zot
Where to? (Enter - D:1 @ (x,y), ? - help)
An ufetubus comes into view.
Your skin is crawling a little less now.
You block the ufetubus's attack. The ufetubus barely misses you.
You impale the ufetubus!!
You kill the ufetubus!
Your skin stops crawling.
You see here a short sword.
You enter the shallow water.
Moving in this stuff is going to be slow.
There is a staircase leading out of the dungeon here.
A red film seems to cover your vision as you go berserk!
You feel yourself moving faster!
You feel mighty!
You are too berserk!
You feel a strong urge to attack something.
You have escaped!

....# #.# #.# ###.#
##.############.###
....#
#.................#
#####
#.#################
#.#≈≈≈≈≈≈≈≈≈≈≈≈≈≈≈#
#.#≈≈≈≈≈.....≈≈≈≈≈#
#.#≈≈....≈≈≈....≈≈#
#.#≈...≈≈≈.≈≈≈...≈#
#.....≈≈≈.@..≈≈..≈#
###≈...≈≈≈.≈≈≈...≈#
#≈≈....≈≈≈....≈≈#
#≈≈≈≈≈.....≈≈≈≈≈#
#≈≈≈≈≈≈≈≈≈≈≈≈≈≈≈#
#################


There were no monsters in sight!

Vanquished Creatures
  2 orbs of fire (Zot:5)
  4 ancient liches
  2 juggernauts
  Sojobo (Depths:2)
  the Lernaean hydra (Swamp:4)
  Xtahua (Depths:5)
  3 Killer Klowns
  A curse toe (Zot:5)
  A caustic shrike (Depths:2)
  Jory (Depths:5)
  11 golden dragons
  2 electric golems
  4 liches
  Jorgrun (Swamp:3)
  21 Orb Guardians
  An Ice Fiend (Depths:2)
  14 tentacled monstrosities
  Gastronok (Lair:3)
  4 titans
  13 quicksilver dragons
  Kirke (Swamp:2)
  6 death cobs
  2 sphinxes
  10 storm dragons
  11 tengu reavers
  9 shadow dragons
  5 nagarajas
  5 draconian monks
  4 frost giants
  9 fire giants
  3 draconian scorchers (Zot:2)
  A balrug (Depths:4)
  12 draconian knights
  An iron dragon (Depths:5)
  A deep elf sorcerer (Vaults:5)
  22 vault wardens
  Louise (Depths:4)
  3 ghost moths
  An orc warlord (Vaults:4)
  Aizul (Snake:2)
  10 draconian annihilators
  A deep elf elementalist (Vaults:5)
  2 draconian shifters
  A spriggan defender (Depths:4)
  17 stone giants
  A draconian stormcaller (Zot:1)
  15 ironheart preservers
  18 very ugly things
  3 entropy weavers
  11 green draconians
  A dire elephant (D:15)
  9 red draconians
  A vampire knight (Depths:2)
  5 black draconians
  6 yellow draconians
  6 deep elf annihilators
  The ghost of kegs the Cleaver, a journeyman HOFi of Okawaru (Lair:2)
  21 purple draconians
  10 spark wasps
  12 white draconians
  A crystal guardian (Vaults:2)
  15 ettins
  A deep elf death mage (Vaults:5)
  A blizzard demon (Depths:1)
  7 great orbs of eyes
  The ghost of Ymberto the Bludgeoner, a journeyman MiFi of Okawaru (D:11)
  9 fire dragons
  4 deep elf high priests (Vaults:5)
  Josephine (Orc:2)
  20 hydras
  18 ogre magi
  15 yaktaur captains
  8 naga warriors
  A hydra (shapeshifter) (Depths:2)
  A hell beast (Depths:3)
  40 vault guards
  3 rakshasas
  12 ice dragons
  15 anacondas
  Erica (D:10)
  7 alligators
  A ghost crab (Swamp:3)
  A spriggan air mage (Depths:5)
  A catoblepas (Lair:6)
  An anaconda (shapeshifter) (Vaults:1)
  2 death knights
  11 centaur warriors
  14 death yaks
  60 two-headed ogres
  4 deep troll earth magi
  6 spriggan berserkers
  2 deep troll shamans
  8 tengu warriors
  Urug (Lair:5)
  21 naga sharpshooters
  2 shock serpents (shapeshifter)
  A soul eater (Depths:3)
  10 shock serpents
  2 hell knights
  2 sun demons (Depths:4)
  3 shadow wraiths
  A sixfirhy (D:7)
  A fire crab (shapeshifter) (Vaults:3)
  A storm dragon skeleton (Depths:1)
  2 salamander mystics
  5 skeletal warriors
  A golden dragon zombie (Vaults:5)
  A deep troll (shapeshifter) (Depths:4)
  2 iron trolls
  19 deep trolls
  2 unseen horrors (shapeshifter)
  3 flayed ghosts
  4 naga ritualists
  An unseen horror (D:13)
  2 spriggan druids (Swamp:3)
  11 swamp dragons
  A glowing orange brain (shapeshifter) (Vaults:5)
  2 gelid demonspawn
  A tengu zombie (Vaults:5)
  A phantasmal warrior (Vaults:4)
  3 deep elf archers
  9 harpies
  5 wizards
  20 ironbrand convokers
  A shambling mangrove (Swamp:1)
  A fire giant zombie (Depths:1)
  14 orc knights
  2 oklob plants
  3 wolf spiders
  A harpy (shapeshifter) (Depths:3)
  5 necromancers
  A glowing orange brain (Vaults:4)
  14 deep elf magi
  A faun (shapeshifter) (Depths:4)
  3 orc sorcerers
  A tengu skeleton (Vaults:5)
  5 cyclopes
  10 salamanders
  8 mana vipers
  A manticore (shapeshifter) (D:15)
  55 ugly things
  An elephant (shapeshifter) (Vaults:5)
  A sphinx skeleton (Vaults:5)
  2 frost giant skeletons
  A manticore (D:11)
  10 elephants
  27 naga magi
  An eye of devastation (shapeshifter) (Depths:4)
  A human skeleton (Vaults:5)
  A guardian serpent (shapeshifter) (D:9)
  14 guardian serpents
  25 moths of wrath
  A water nymph (shapeshifter) (Vaults:5)
  37 black mambas
  2 ice statues (Depths:2)
  2 orange demons
  16 vault sentinels
  2 kobold demonologists
  A torpor snail (shapeshifter) (Depths:1)
  2 gargoyles
  3 rime drakes
  18 spiny frogs
  An ice devil (Depths:3)
  29 yaktaurs
  11 komodo dragons
  A red devil (Depths:1)
  A hellwing (Depths:1)
  8 freezing wraiths
  5 tyrant leeches
  13 trolls
  A polar bear (shapeshifter) (Vaults:2)
  17 hornets
  A meliai (shapeshifter) (D:14)
  4 polar bears
  22 slime creatures
  35 blink frogs
  22 bog bodies
  10 hippogriffs
  10 spriggans
  Sigmund (D:2)
  3 shadows
  A vampire (D:11)
  3 air elementals (Depths:5)
  A fire dragon skeleton (Depths:1)
  5 redbacks (Vaults:4)
  2 wyverns
  4 water elementals
  14 wraiths
  2 hogs (Swamp:2)
  Grum (D:10)
  3 hungry ghosts
  A human (shapeshifter) (Vaults:3)
  A human (D:11)
  A wyvern (shapeshifter) (Depths:1)
  43 yaks
  A basilisk (Lair:6)
  2 hogs (shapeshifter)
  A steam dragon (D:9)
  A golden eye (shapeshifter) (Vaults:5)
  A basilisk (shapeshifter) (Vaults:2)
  7 wargs
  19 vampire mosquitoes
  Edmund (D:5)
  15 insubstantial wisps
  24 swamp worms
  A yaktaur simulacrum (Vaults:5)
  59 nagas
  A soldier ant (D:11)
  3 acid dragons
  A floating eye (shapeshifter) (Depths:4)
  8 water moccasins
  Duvessa (D:7)
  2 floating eyes (Depths:2)
  8 porcupines
  A swamp drake (shapeshifter) (Vaults:1)
  13 swamp drakes
  6 sky beasts
  3 eyes of draining
  An eye of draining (shapeshifter) (Vaults:5)
  24 orc warriors
  2 black bears
  7 ice beasts
  51 ogres
  2 boggarts (Vaults:3)
  A necrophage (D:5)
  4 phantoms
  12 wolves
  17 centaurs
  11 crocodiles
  A big kobold (shapeshifter) (Vaults:3)
  4 big kobolds (D:11)
  12 bullfrogs
  A wyvern zombie (D:14)
  Dowan (D:7)
  A wyvern skeleton (D:8)
  2 scorpions
  8 wights
  A water moccasin skeleton (D:6)
  10 killer bees
  An oklob sapling (D:11)
  An electric eel (Lair:4)
  4 howler monkeys
  8 crimson imps
  3 bullfrog zombies
  6 centaur skeletons
  3 hounds
  A human zombie (Ossuary)
  19 orc priests
  28 orc wizards
  A bullfrog skeleton (D:12)
  5 jellies
  3 iguanas
  Natasha (thrice) (D:2)
  13 worker ants
  2 big kobold zombies (Ossuary)
  2 hound skeletons
  5 mummies (Ossuary)
  2 worker ant zombies
  A howler monkey skeleton (D:5)
  10 gnolls
  22 adders
  4 shadow imps
  3 white imps
  2 ufetubi
  An ooze (D:4)
  An adder skeleton (D:4)
  2 worms (D:3)
  3 dart slugs
  5 leopard geckos
  100 orcs
  5 bats
  2 giant cockroaches (D:1)
  7 goblins
  8 hobgoblins
  28 jackals
  4 quokkas
  8 ball pythons
  7 frilled lizards
  A goblin zombie (Ossuary)
  2 hobgoblin zombies (Ossuary)
  15 kobolds
  A kobold zombie (Ossuary)
  A leopard gecko skeleton (D:4)
  An orc zombie (Ossuary)
  A quokka skeleton (D:7)
  2 quokka zombies
  8 rats
  A bush (D:11)
  A plant (D:11)
  2 spectral weapons
2072 creatures vanquished.

Vanquished Creatures (collateral kills)
  An orb of fire (Zot:5)
  2 ancient liches (Zot:5)
  2 Killer Klowns (Zot:5)
  2 golden dragons
  An electric golem (Zot:5)
  7 tentacled monstrosities
  5 Orb Guardians (Zot:5)
  A quicksilver dragon (Depths:4)
  3 death cobs
  A sphinx (Vaults:5)
  A shadow dragon (Zot:4)
  2 storm dragons
  2 tengu reavers (Vaults:5)
  A fire giant (Depths:5)
  A draconian monk (Zot:5)
  A frost giant (Vaults:5)
  2 draconian scorchers
  A draconian knight (Zot:2)
  A draconian annihilator (Zot:5)
  A stone giant (Depths:4)
  2 very ugly things (Depths:5)
  3 black draconians
  A deep elf annihilator (Vaults:5)
  A green draconian (Zot:5)
  4 yellow draconians
  A red draconian (Zot:5)
  3 white draconians
  2 spark wasps (Depths:4)
  4 purple draconians
  2 ettins
  A fire dragon (Depths:5)
  A deep elf death mage (Depths:4)
  A yaktaur captain (Vaults:5)
  A great orb of eyes (Depths:5)
  3 ice dragons
  An ogre mage (Vaults:5)
  A death knight (Vaults:5)
  A deep troll shaman (Depths:2)
  A deep troll earth mage (Depths:4)
  2 tengu warriors
  A spriggan berserker (Depths:4)
  A shock serpent (shapeshifter) (Depths:4)
  An iron troll (Depths:5)
  3 hell knights (Depths:4)
  2 deep trolls
  2 ironbrand convokers (Vaults:5)
  A necromancer (Vaults:5)
  3 ugly things
  2 moths of wrath
  A rime drake (shapeshifter) (Vaults:5)
  A freezing wraith (Depths:2)
  A tengu conjurer (Depths:4)
  A polar bear (Depths:2)
  2 slime creatures (Depths:4)
  2 ogres
98 creatures vanquished.

Vanquished Creatures (others)
  A nagaraja (Snake:4)
  2 stone giants
  Nessos (D:12)
  A yellow draconian (Depths:5)
  2 yaktaur captains
  An ice dragon (Depths:1)
  A centaur warrior (Vaults:4)
  2 naga sharpshooters (Snake:4)
  A shadow wraith (Vaults:1)
  A deep elf archer (Vaults:2)
  9 ball lightnings
  2 moths of wrath (Zot:5)
  A vault sentinel (Vaults:3)
  A guardian serpent (Snake:4)
  3 yaktaurs
  A blink frog (Swamp:4)
  2 nagas
  An orc warrior (Vaults:4)
  An ogre (Orc:2)
  A centaur (D:12)
  2 orcs (Orc:2)
  2 bushes (Lair:3)
  14 fungi
  12 plants
  107 spectral weapons
172 creatures vanquished.

Grand Total: 2342 creatures vanquished

Notes
Turn   | Place    | Note
-------+----------+-------------------------------------------
     0 | D:1      | KeeTraxx the Gnoll Skald began the quest for the Orb.
     0 | D:1      | Reached XP level 1. HP: 20/20 MP: 6/6
   207 | D:1      | Reached XP level 2. HP: 22/26 MP: 4/7
   498 | D:1      | Reached XP level 3. HP: 31/31 MP: 3/9
   502 | D:1      | Reached skill level 5 in Spellcasting
   507 | D:1      | Learned a level 3 spell: Regeneration
   511 | D:1      | Learned a level 3 spell: Spectral Weapon
   914 | D:2      | Reached skill level 1 in Invocations
   963 | D:2      | Noticed Natasha
   977 | D:2      | Killed Natasha
   977 | D:2      | Reached skill level 1 in Short Blades
   977 | D:2      | Reached skill level 1 in Long Blades
   977 | D:2      | Reached skill level 1 in Axes
   977 | D:2      | Reached skill level 1 in Maces & Flails
   977 | D:2      | Reached skill level 1 in Staves
   977 | D:2      | Reached skill level 1 in Slings
   977 | D:2      | Reached skill level 1 in Bows
   977 | D:2      | Reached skill level 1 in Crossbows
   977 | D:2      | Reached skill level 1 in Throwing
   977 | D:2      | Reached skill level 1 in Stealth
   977 | D:2      | Reached skill level 1 in Shields
   977 | D:2      | Reached skill level 1 in Unarmed Combat
   977 | D:2      | Reached skill level 1 in Evocations
   977 | D:2      | Reached XP level 4. HP: 19/38 MP: 4/11
  1178 | D:2      | Noticed Natasha
  1182 | D:2      | Killed Natasha
  1182 | D:2      | Reached skill level 1 in Conjurations
  1182 | D:2      | Reached skill level 1 in Hexes
  1182 | D:2      | Reached skill level 1 in Summonings
  1182 | D:2      | Reached skill level 1 in Necromancy
  1182 | D:2      | Reached skill level 1 in Translocations
  1182 | D:2      | Reached skill level 1 in Transmutations
  1182 | D:2      | Reached skill level 1 in Fire Magic
  1182 | D:2      | Reached skill level 1 in Ice Magic
  1182 | D:2      | Reached skill level 1 in Air Magic
  1182 | D:2      | Reached skill level 1 in Earth Magic
  1182 | D:2      | Reached skill level 1 in Poison Magic
  1210 | D:2      | Reached XP level 5. HP: 41/43 MP: 5/12
  1259 | D:2      | Noticed Sigmund
  1270 | D:2      | Killed Sigmund
  1270 | D:2      | Reached skill level 2 in Invocations
  1270 | D:2      | Reached XP level 6. HP: 42/50 MP: 5/14
  1279 | D:2      | Found an opulent altar of Gozag.
  1300 | D:2      | Noticed Natasha
  1322 | D:2      | Killed Natasha
  1322 | D:2      | Reached skill level 5 in Fighting
  1322 | D:2      | Reached skill level 5 in Polearms
  1322 | D:2      | Reached skill level 5 in Dodging
  1845 | D:3      | Found a glowing golden altar of the Shining One.
  2346 | D:3      | Reached XP level 7. HP: 56/56 MP: 6/15
  3105 | D:4      | Reached skill level 3 in Invocations
  3121 | D:4      | Reached XP level 8. HP: 52/63 MP: 3/16
  3511 | D:4      | Found an iron altar of Okawaru.
  3624 | D:4      | Became a worshipper of Warmaster Okawaru
  3678 | D:5      | Entered Level 5 of the Dungeon
  3734 | D:5      | Noticed Edmund
  3743 | D:5      | Killed Edmund
  3779 | D:5      | Found a sand-covered staircase.
  3788 | Ossuary  | Entered an ossuary
  4201 | D:5      | Found a staircase to the Ecumenical Temple.
  4430 | D:5      | Found a snail-covered altar of Cheibriados.
  4570 | D:5      | Reached skill level 4 in Invocations
  5177 | D:6      | Reached XP level 9. HP: 69/69 MP: 11/18
  5386 | D:6      | HP: 2/69 [orc warrior/war axe (9)]
  5657 | D:6      | Reached * piety under Okawaru
  5976 | D:7      | Reached skill level 5 in Armour
  6351 | D:7      | Reached ** piety under Okawaru
  6351 | D:7      | Reached skill level 5 in Invocations
  6463 | D:7      | Found a basalt altar of Yredelemnul.
  6463 | D:7      | Found a faded altar of an unknown god.
  6468 | D:7      | Found a deep blue altar of Sif Muna.
  6470 | D:7      | Found a burning altar of Makhleb.
  6471 | D:7      | Found a faded altar of an unknown god.
  6560 | D:7      | Found a snail-covered altar of Cheibriados.
  6572 | D:7      | Noticed Duvessa
  6572 | D:7      | Noticed Dowan
  6605 | D:7      | Killed Duvessa
  6610 | D:7      | Killed Dowan
  6610 | D:7      | Reached XP level 10. HP: 77/77 MP: 17/20
  6722 | D:8      | Noticed a two-headed ogre
  7002 | D:8      | Reached skill level 5 in Short Blades
  7002 | D:8      | Reached skill level 5 in Long Blades
  7002 | D:8      | Reached skill level 5 in Axes
  7002 | D:8      | Reached skill level 5 in Maces & Flails
  7002 | D:8      | Reached skill level 5 in Staves
  7002 | D:8      | Reached skill level 5 in Slings
  7002 | D:8      | Reached skill level 5 in Bows
  7002 | D:8      | Reached skill level 5 in Crossbows
  7002 | D:8      | Reached skill level 5 in Throwing
  7002 | D:8      | Reached skill level 5 in Stealth
  7002 | D:8      | Reached skill level 5 in Shields
  7002 | D:8      | Reached skill level 5 in Unarmed Combat
  7002 | D:8      | Reached skill level 5 in Evocations
  7036 | D:8      | Noticed an elephant
  7077 | D:8      | Reached *** piety under Okawaru
  7108 | D:8      | Killed an elephant
  7459 | D:8      | Found a staircase to the Lair.
  7595 | D:8      | Found an ancient bone altar of Kikubaaqudgha.
  7645 | D:8      | Killed a two-headed ogre
  7822 | D:9      | Reached skill level 6 in Invocations
  7830 | D:9      | Reached **** piety under Okawaru
  7859 | D:9      | Found a stormy altar of Qazlal.
  8134 | D:9      | Reached XP level 11. HP: 40/84 MP: 16/22
  8264 | D:9      | Noticed a cyclops
  8544 | D:9      | Killed a cyclops
  8544 | D:9      | Received a gift from Okawaru
  8591 | D:9      | Learned a level 2 spell: Passwall
  8817 | D:10     | Entered Level 10 of the Dungeon
  8845 | D:10     | Noticed Grum
  8859 | D:10     | Killed Grum
  8859 | D:10     | Reached ***** piety under Okawaru
  8908 | D:10     | Noticed Erica
  8921 | D:10     | Killed Erica
  8921 | D:10     | Reached skill level 5 in Conjurations
  8921 | D:10     | Reached skill level 5 in Hexes
  8921 | D:10     | Reached skill level 5 in Summonings
  8921 | D:10     | Reached skill level 5 in Necromancy
  8921 | D:10     | Reached skill level 5 in Translocations
  8921 | D:10     | Reached skill level 5 in Transmutations
  8921 | D:10     | Reached skill level 5 in Fire Magic
  8921 | D:10     | Reached skill level 5 in Ice Magic
  8921 | D:10     | Reached skill level 5 in Air Magic
  8921 | D:10     | Reached skill level 5 in Earth Magic
  8921 | D:10     | Reached skill level 5 in Poison Magic
  9190 | D:10     | Found Ruonku's Antique Weapon Shoppe.
  9324 | D:10     | Found Nehe's Assorted Antiques.
  9341 | D:10     | Learned a level 5 spell: Lee's Rapid Deconstruction
  9521 | D:11     | Noticed a green ugly thing
  9533 | D:11     | Killed a green ugly thing
  9533 | D:11     | Received a gift from Okawaru
  9533 | D:11     | Reached skill level 7 in Invocations
  9933 | D:11     | Noticed a red ugly thing
  9941 | D:11     | Killed a red ugly thing
 10079 | D:10     | Reached XP level 12. HP: 73/93 MP: 15/24
 10327 | D:11     | Noticed Ymberto's ghost (journeyman MiFi)
 10692 | D:11     | Paralysed by a hornet for 3 turns
 10812 | D:11     | Killed Ymberto's ghost
 10840 | D:11     | Received a gift from Okawaru
 11156 | D:11     | Received a gift from Okawaru
 11575 | D:11     | Identified the Handbook of Nature
 11841 | Lair:1   | Entered Level 1 of the Lair of Beasts
 12070 | Lair:1   | Reached skill level 8 in Invocations
 12193 | Lair:1   | Found a transporter.
 12267 | Lair:1   | Learned a level 3 spell: Conjure Flame
 12331 | Lair:1   | Found a transporter.
 12688 | Lair:1   | Received a gift from Okawaru
 12717 | Lair:1   | Identified a +0 pair of boots of running (You found it on level 1 of the Lair of Beasts)
 13141 | Lair:2   | Reached XP level 13. HP: 99/101 MP: 26/26
 13173 | Lair:2   | Noticed kegs's ghost (journeyman HOFi)
 13212 | Lair:2   | Killed kegs's ghost
 13398 | Lair:2   | Received a gift from Okawaru
 13619 | Lair:2   | Found a staircase to the Snake Pit.
 14096 | Lair:3   | Found a radiant altar of Vehumet.
 14529 | Lair:3   | Noticed Gastronok
 14696 | Lair:3   | Killed Gastronok
 14696 | Lair:3   | Reached skill level 9 in Invocations
 14925 | Lair:3   | Noticed Fannar
 15752 | Lair:4   | Found a staircase to the Swamp.
 15951 | Lair:4   | Received a gift from Okawaru
 16271 | Lair:5   | Found a staircase to the Slime Pits.
 16271 | Lair:5   | Found a viscous altar of Jiyva.
 16360 | Lair:5   | Received a gift from Okawaru
 16366 | Lair:5   | Reached skill level 10 in Spellcasting
 16372 | Lair:5   | Got a fine hunting sling {god gift}
 16373 | Lair:5   | Identified the +6 hunting sling of Duty {velocity, -Tele rPois Str+3} (Okawaru gifted it to you on level 5 of the Lair of Beasts)
 16658 | Lair:5   | Noticed Urug
 16667 | Lair:5   | Killed Urug
 16667 | Lair:5   | Reached XP level 14. HP: 83/109 MP: 21/28
 17114 | Lair:6   | Entered Level 6 of the Lair of Beasts
 17399 | Lair:5   | Reached skill level 10 in Fighting
 17399 | Lair:5   | Reached skill level 10 in Polearms
 17399 | Lair:5   | Reached skill level 10 in Dodging
 17408 | Lair:5   | Reached ****** piety under Okawaru
 17661 | Lair:6   | Received a gift from Okawaru
 17896 | Lair:6   | Received a gift from Okawaru
 17935 | Lair:6   | Got a thick robe {god gift}
 18233 | Lair:6   | Reached skill level 10 in Invocations
 19093 | Lair:6   | Received a gift from Okawaru
 19300 | Lair:6   | Reached XP level 15. HP: 105/117 MP: 21/29
 19325 | Lair:6   | Identified the +6 dagger of Doom {freeze, +Rage} (You found it on level 6 of the Lair of Beasts)
 19526 | Swamp:1  | Entered Level 1 of the Swamp
 19652 | Swamp:1  | Reached skill level 10 in Armour
 20126 | Swamp:1  | Paralysed by a hornet for 2 turns
 20768 | Swamp:2  | Noticed Kirke
 20820 | Swamp:2  | Noticed a sphinx
 20830 | Swamp:2  | Killed Kirke
 20830 | Swamp:2  | Received a gift from Okawaru
 20830 | Swamp:2  | Reached skill level 10 in Charms
 21338 | Swamp:3  | Received a gift from Okawaru
 21340 | Swamp:3  | Got a steaming shield {god gift}
 21351 | Swamp:3  | Identified the +1 shield of Forking Paths {rF+} (Okawaru gifted it to you on level 3 of the Swamp)
 21489 | Swamp:3  | Reached skill level 10 in Short Blades
 21489 | Swamp:3  | Reached skill level 10 in Long Blades
 21489 | Swamp:3  | Reached skill level 10 in Axes
 21489 | Swamp:3  | Reached skill level 10 in Maces & Flails
 21489 | Swamp:3  | Reached skill level 10 in Staves
 21489 | Swamp:3  | Reached skill level 10 in Slings
 21489 | Swamp:3  | Reached skill level 10 in Bows
 21489 | Swamp:3  | Reached skill level 10 in Crossbows
 21489 | Swamp:3  | Reached skill level 10 in Throwing
 21489 | Swamp:3  | Reached skill level 10 in Stealth
 21489 | Swamp:3  | Reached skill level 10 in Shields
 21489 | Swamp:3  | Reached skill level 10 in Unarmed Combat
 21489 | Swamp:3  | Reached skill level 10 in Evocations
 22142 | Swamp:3  | Reached skill level 11 in Invocations
 22371 | Swamp:3  | Noticed Jorgrun
 22376 | Swamp:3  | Killed Jorgrun
 22634 | Swamp:4  | Entered Level 4 of the Swamp
 22642 | Swamp:4  | Received a gift from Okawaru
 22647 | Swamp:4  | Got an ichor-stained scale mail {god gift}
 22648 | Swamp:4  | Identified the +1 scale mail "Urghiago" {rElec rF+ Str+4} (Okawaru gifted it to you on level 4 of the Swamp)
 22712 | Swamp:4  | Reached XP level 16. HP: 79/125 MP: 8/31
 23546 | Swamp:4  | Noticed the 27-headed Lernaean hydra
 23650 | Swamp:4  | HP: 2/126 [the 27-headed Lernaean hydra (5)]
 24118 | Swamp:4  | Received a gift from Okawaru
 24119 | Swamp:4  | Got a fine hunting sling {god gift}
 24120 | Swamp:4  | Identified the +10 hunting sling of Conversion {freeze, rN+ Dex+7} (Okawaru gifted it to you on level 4 of the Swamp)
 24185 | Swamp:4  | Killed the 27-headed Lernaean hydra
 24212 | Swamp:4  | Got a decaying rune of Zot
 24746 | Snake:1  | Entered Level 1 of the Snake Pit
 25257 | Snake:1  | Received a gift from Okawaru
 25670 | Snake:1  | Received a gift from Okawaru
 25683 | Snake:1  | Got an ancient rapier {god gift}
 25684 | Snake:1  | Identified the +1 rapier "Maf Etod" {freeze, rF+ MR+ Str-5} (Okawaru gifted it to you on level 1 of the Snake Pit)
 26387 | Snake:2  | Reached XP level 17. HP: 105/133 MP: 27/33
 26640 | Snake:2  | Noticed Aizul
 26658 | Snake:2  | Killed Aizul
 26658 | Snake:2  | Reached skill level 12 in Invocations
 26966 | Snake:2  | Received a gift from Okawaru
 27104 | Snake:2  | Received a gift from Okawaru
 27447 | Snake:2  | Received a gift from Okawaru
 27989 | Snake:3  | Received a gift from Okawaru
 28849 | Snake:3  | Found Lomuplug's Jewellery Shop.
 28849 | Snake:3  | Found Asuder's Gadget Shoppe.
 28850 | Snake:3  | Found Fenavic's Jewellery Shop.
 28883 | Snake:3  | Bought the ring "Vees" {rC+ MR+} for 663 gold pieces
 28883 | Snake:3  | Bought a +4 amulet of reflection for 459 gold pieces
 28883 | Snake:3  | Bought the ring of Shadows {Umbra +Inv Stlth+} for 680 gold pieces
 28883 | Snake:3  | Bought an uncursed ring of protection from magic for 425 gold pieces
 28883 | Snake:3  | Found the ring of Shadows {Umbra +Inv Stlth+}
 28979 | Snake:4  | Entered Level 4 of the Snake Pit
 29327 | Snake:4  | Received a gift from Okawaru
 29641 | Snake:4  | Received a gift from Okawaru
 30368 | Snake:4  | Reached skill level 10 in Conjurations
 30368 | Snake:4  | Reached skill level 10 in Hexes
 30368 | Snake:4  | Reached skill level 10 in Summonings
 30368 | Snake:4  | Reached skill level 10 in Necromancy
 30368 | Snake:4  | Reached skill level 10 in Translocations
 30368 | Snake:4  | Reached skill level 10 in Transmutations
 30368 | Snake:4  | Reached skill level 10 in Fire Magic
 30368 | Snake:4  | Reached skill level 10 in Ice Magic
 30368 | Snake:4  | Reached skill level 10 in Air Magic
 30368 | Snake:4  | Reached skill level 10 in Earth Magic
 30368 | Snake:4  | Reached skill level 10 in Poison Magic
 30473 | Snake:4  | Reached XP level 18. HP: 34/141 MP: 5/34
 30846 | Snake:4  | Received a gift from Okawaru
 31153 | Snake:4  | Received a gift from Okawaru
 31167 | Snake:4  | Got a serpentine rune of Zot
 31665 | D:12     | Noticed Nessos
 31677 | D:12     | Killed Nessos
 31988 | D:12     | Found a staircase to the Orcish Mines.
 32106 | Orc:1    | Entered Level 1 of the Orcish Mines
 32362 | Orc:1    | Reached skill level 13 in Invocations
 32453 | Orc:1    | Found a bloodstained altar of Trog.
 33322 | Orc:2    | Entered Level 2 of the Orcish Mines
 33322 | Orc:2    | Found a staircase to the Elven Halls.
 33398 | Orc:2    | Found Jofiv's Food Boutique.
 33469 | Orc:2    | Received a gift from Okawaru
 33560 | Orc:2    | Found Liadez's Antique Armour Boutique.
 33642 | Orc:2    | Found Zaopla's Distillery.
 33648 | Orc:2    | Bought a runed shield for 172 gold pieces
 33728 | Orc:2    | Found Cabi's General Store.
 33800 | Orc:2    | Noticed Josephine
 33816 | Orc:2    | Killed Josephine
 34863 | D:14     | Found Omedauci's Weapon Shop.
 35143 | D:14     | Got a dazzling scale mail
 35144 | D:14     | Identified the +7 scale mail of the Grey Skies {SInv} (You found it on level 14 of the Dungeon)
 35260 | D:14     | Reached XP level 19. HP: 149/149 MP: 36/36
 35491 | D:14     | Found a gate to the Vaults.
 35650 | D:15     | Entered Level 15 of the Dungeon
 35745 | D:15     | Paralysed by a floating eye for 4 turns
 35768 | D:15     | Paralysed by a floating eye for 4 turns
 35780 | D:15     | Paralysed by a floating eye for 4 turns
 35845 | D:15     | Received a gift from Okawaru
 36000 | D:15     | Found a shadowy altar of Dithmenos.
 36243 | D:15     | Received a gift from Okawaru
 36244 | D:15     | Got a steaming ring mail {god gift}
 36245 | D:15     | Identified the +1 ring mail of Death's Door {rF+ rC- rCorr Str+2} (Okawaru gifted it to you on level 15 of the Dungeon)
 36263 | D:15     | Found a staircase to the Depths.
 36416 | Vaults:1 | Entered Level 1 of the Vaults
 37077 | Vaults:1 | Got a crystal war axe
 37078 | Vaults:1 | Identified the +4 war axe of Premature Burial {elec, +Fly Dex+2} (You found it on level 1 of the Vaults)
 37358 | Vaults:1 | Received a gift from Okawaru
 37604 | Vaults:1 | Got a brightly glowing pewter ring
 37672 | Vaults:1 | Identified the ring of Idav {rPois rF+ MR+ Str+5} (You took it off a centaur warrior on level 1 of the Vaults)
 37685 | Vaults:1 | Got a polished scimitar {elec}
 37686 | Vaults:1 | Identified the +3 scimitar of Doamy {elec, rElec Int+2 Dex+3} (You took it off a vault sentinel on level 1 of the Vaults)
 37787 | Vaults:1 | Identified the amulet "Duckaudu" {+Rage rC+} (You found it on level 1 of the Vaults)
 37968 | Vaults:1 | Reached XP level 20. HP: 146/157 MP: 34/37
 38210 | Vaults:1 | Reached skill level 14 in Invocations
 38558 | Vaults:2 | Found a staircase to the Crypt.
 38558 | Vaults:2 | Found an ancient bone altar of Kikubaaqudgha.
 38559 | Vaults:2 | Found a basalt altar of Yredelemnul.
 38803 | Vaults:2 | Received a gift from Okawaru
 39282 | Vaults:2 | Received a gift from Okawaru
 39285 | Vaults:2 | Identified the +1 troll leather armour of Serendipity {Regen+ Int+2} (Okawaru gifted it to you on level 2 of the Vaults)
 39475 | Vaults:2 | Found Teahuh's Antique Armour Emporium.
 39557 | Vaults:2 | Bought the +3 pair of gauntlets of War {Slay+5} for 1235 gold pieces
 39557 | Vaults:2 | Found the +3 pair of gauntlets of War {Slay+5}
 39557 | Vaults:2 | Bought a warped cloak for 247 gold pieces
 39569 | Vaults:2 | Identified the +0 cloak of the Jabberwock {*Drain MR+ Dex+4 Stlth+} (You bought it in a shop on level 2 of the Vaults)
 41456 | Vaults:3 | Reached XP level 21. HP: 165/165 MP: 36/39
 41461 | Vaults:3 | Received a gift from Okawaru
 42006 | Vaults:4 | Received a gift from Okawaru
 42300 | Vaults:4 | Found a basalt altar of Yredelemnul.
 42423 | Vaults:4 | Received a gift from Okawaru
 42503 | Vaults:4 | Got a dazzling cloak {god gift}
 42504 | Vaults:4 | Identified the +0 cloak of the Earth {MP+9} (Okawaru gifted it to you on level 4 of the Vaults)
 43207 | Vaults:4 | Reached skill level 15 in Invocations
 43581 | Depths:1 | Entered Level 1 of the Depths
 43598 | Depths:1 | Found a gateway to Hell.
 44121 | Depths:1 | Received a gift from Okawaru
 44437 | Depths:1 | Learned a level 4 spell: Summon Lightning Spire
 44441 | Depths:1 | Learned a level 3 spell: Portal Projectile
 44448 | Depths:1 | Learned a level 6 spell: Deflect Missiles
 44455 | Depths:1 | Learned a level 6 spell: Conjure Ball Lightning
 44686 | Depths:1 | Reached XP level 22. HP: 171/173 MP: 34/40
 44824 | Depths:1 | Received a gift from Okawaru
 44844 | Depths:1 | Found a one-way gate leading to the halls of Pandemonium.
 44961 | Depths:2 | Noticed Sojobo
 44984 | Depths:2 | Found a gateway to a ziggurat.
 45023 | Depths:2 | Learned a level 2 spell: Blink
 45028 | Depths:2 | Learned a level 4 spell: Passage of Golubria
 45034 | Depths:2 | Learned a level 5 spell: Silence
 45129 | Depths:2 | Received a gift from Okawaru
 45271 | Depths:2 | Received a gift from Okawaru
 45344 | Depths:2 | Noticed a golden dragon
 45369 | Depths:2 | Killed Sojobo
 45369 | Depths:2 | Received a gift from Okawaru
 45476 | Depths:2 | Reached skill level 15 in Spellcasting
 45494 | Depths:2 | Killed a golden dragon
 45700 | Depths:2 | Learned a level 4 spell: Animate Dead
 45851 | Depths:2 | Noticed a caustic shrike
 45869 | Depths:2 | Killed a caustic shrike
 45869 | Depths:2 | Reached skill level 15 in Fighting
 45869 | Depths:2 | Reached skill level 15 in Polearms
 45869 | Depths:2 | Reached skill level 15 in Dodging
 46021 | Depths:2 | Identified Roxanne's Handbook of the Griffon
 47440 | Depths:3 | Received a gift from Okawaru
 48104 | Depths:4 | Got an iridescent hand axe
 48204 | Depths:4 | Received a gift from Okawaru
 48316 | Depths:4 | Reached XP level 23. HP: 155/181 MP: 34/42
 48325 | Depths:4 | Noticed a golden dragon
 48325 | Depths:4 | Received a gift from Okawaru
 48345 | Depths:4 | Killed a golden dragon
 48476 | Depths:4 | Noticed a juggernaut
 48496 | Depths:4 | Killed a juggernaut
 48510 | Depths:4 | Reached skill level 15 in Armour
 48852 | Depths:4 | Reached skill level 16 in Invocations
 48896 | Depths:4 | Found a one-way gate to the infinite horrors of the Abyss.
 48898 | Depths:4 | Noticed Louise
 49573 | Depths:4 | Killed Louise
 49645 | Depths:5 | Entered Level 5 of the Depths
 49828 | Depths:5 | Noticed Jory
 49832 | Depths:5 | Reached skill level 15 in Short Blades
 49832 | Depths:5 | Reached skill level 15 in Long Blades
 49832 | Depths:5 | Reached skill level 15 in Axes
 49832 | Depths:5 | Reached skill level 15 in Maces & Flails
 49832 | Depths:5 | Reached skill level 15 in Staves
 49832 | Depths:5 | Reached skill level 15 in Slings
 49832 | Depths:5 | Reached skill level 15 in Bows
 49832 | Depths:5 | Reached skill level 15 in Crossbows
 49832 | Depths:5 | Reached skill level 15 in Throwing
 49832 | Depths:5 | Reached skill level 15 in Stealth
 49832 | Depths:5 | Reached skill level 15 in Shields
 49832 | Depths:5 | Reached skill level 15 in Unarmed Combat
 49832 | Depths:5 | Reached skill level 15 in Evocations
 49847 | Depths:5 | Killed Jory
 49847 | Depths:5 | Received a gift from Okawaru
 50172 | Depths:4 | Upgraded the game from 0.21.0-3-g78d12a8 to 0.21.0-24-g2553a33
 50230 | Depths:5 | Found a gate to the Realm of Zot.
 50230 | Depths:5 | Noticed a golden dragon
 50260 | Depths:5 | Killed a golden dragon
 50331 | Depths:5 | Received a gift from Okawaru
 50344 | Depths:5 | Got a smoking short sword {god gift}
 50657 | Depths:5 | Reached XP level 24. HP: 190/190 MP: 42/42
 50915 | Depths:5 | Noticed Xtahua
 50934 | Depths:5 | Killed Xtahua
 50966 | Depths:5 | Noticed a juggernaut
 50974 | Depths:5 | Killed a juggernaut
 50974 | Depths:5 | Received a gift from Okawaru
 51423 | Vaults:5 | Entered Level 5 of the Vaults
 51432 | Vaults:5 | Received a gift from Okawaru
 51445 | Vaults:4 | HP: 6/191 [phantasmal warrior (16)]
 51677 | Vaults:5 | Noticed an ancient lich
 51697 | Vaults:5 | Killed an ancient lich
 52174 | Vaults:5 | Received a gift from Okawaru
 52457 | Vaults:5 | Identified the cursed +0 halberd "Caghop" {chop, rF++} (You took it off a vault sentinel on level 5 of the Vaults)
 52500 | Vaults:5 | Received a gift from Okawaru
 52500 | Vaults:5 | Reached skill level 17 in Invocations
 52671 | Vaults:5 | Reached XP level 25. HP: 150/197 MP: 31/43
 53139 | Vaults:5 | Got a sparkling amber ring
 53140 | Vaults:5 | Identified the ring "Houtwo" {Ice MR+ SInv} (You found it on level 5 of the Vaults)
 53287 | Vaults:5 | Got a silver rune of Zot
 53375 | Vaults:5 | Received a gift from Okawaru
 53868 | Vaults:5 | Identified the amulet "Zoitymae" {Inacc MP+9 Str+6 Dex+4} (You found it on level 5 of the Vaults)
 53953 | Vaults:5 | Identified Sif Muna's Handbook of Unstable Evil
 53974 | Vaults:5 | Learned a level 1 spell: Apportation
 54399 | Zot:1    | Entered Level 1 of the Realm of Zot
 54564 | Zot:1    | Received a gift from Okawaru
 54691 | Zot:1    | Received a gift from Okawaru
 54705 | Zot:1    | Identified a scroll of acquirement
 54918 | Zot:1    | Received a gift from Okawaru
 54919 | Zot:1    | Got a pair of steaming boots {god gift}
 54920 | Zot:1    | Identified the +2 pair of boots of Okawaru's Whim {rN+ Int+4} (Okawaru gifted it to you on level 1 of the Realm of Zot)
 55865 | Zot:2    | Reached XP level 26. HP: 201/207 MP: 40/43
 55981 | Zot:2    | Reached skill level 15 in Charms
 56410 | Zot:1    | Upgraded the game from 0.21.0-24-g2553a33 to 0.21.0-25-ge575cb9
 56782 | Zot:2    | Received a gift from Okawaru
 57065 | Zot:2    | Was placed under penance by Okawaru
 57264 | Zot:2    | Was forgiven by Okawaru
 57321 | Zot:2    | Reached skill level 18 in Invocations
 57396 | Zot:2    | Received a gift from Okawaru
 57495 | Zot:2    | Identified the +5 morningstar "Coemn" {crush, +Blink rC+ Dex+3} (You found it on level 2 of the Realm of Zot)
 57741 | Zot:2    | Received a gift from Okawaru
 57918 | Zot:2    | Identified the Incunabulum of Toxins
 58000 | Zot:2    | Got an ancient buckler
 58001 | Zot:2    | Identified the +3 buckler of the Orb Guardian {rElec Str-3 SInv Stlth+} (You acquired it on level 2 of the Realm of Zot)
 58013 | Zot:2    | Learned a level 6 spell: Iron Shot
 58023 | Zot:2    | Learned a level 7 spell: Orb of Destruction
 58032 | Zot:2    | Learned a level 7 spell: Spellforged Servitor
 58560 | Zot:3    | Reached XP level 27. HP: 197/215 MP: 14/44
 59729 | Zot:5    | Entered Level 5 of the Realm of Zot
 59970 | Zot:5    | Received a gift from Okawaru
 60295 | Zot:5    | Noticed an ancient lich
 60307 | Zot:5    | Killed an ancient lich
 60356 | Zot:5    | Noticed an ancient lich
 60367 | Zot:5    | Killed an ancient lich
 60367 | Zot:5    | Received a gift from Okawaru
 60516 | Zot:5    | Noticed an ancient lich
 60537 | Zot:5    | Noticed an orb of fire
 60540 | Zot:5    | Killed an ancient lich
 60540 | Zot:5    | Reached skill level 15 in Conjurations
 60540 | Zot:5    | Reached skill level 15 in Hexes
 60540 | Zot:5    | Reached skill level 15 in Summonings
 60540 | Zot:5    | Reached skill level 15 in Necromancy
 60540 | Zot:5    | Reached skill level 15 in Translocations
 60540 | Zot:5    | Reached skill level 15 in Transmutations
 60540 | Zot:5    | Reached skill level 15 in Fire Magic
 60540 | Zot:5    | Reached skill level 15 in Ice Magic
 60540 | Zot:5    | Reached skill level 15 in Air Magic
 60540 | Zot:5    | Reached skill level 15 in Earth Magic
 60540 | Zot:5    | Reached skill level 15 in Poison Magic
 60563 | Zot:5    | Killed an orb of fire
 60563 | Zot:5    | Received a gift from Okawaru
 60680 | Zot:5    | Noticed an orb of fire
 60694 | Zot:5    | Killed an orb of fire
 60694 | Zot:5    | Received a gift from Okawaru
 60702 | Zot:5    | Got a fine spear {god gift}
 60703 | Zot:5    | Identified the +3 spear of the People {venom, rPois Int+8 Dex-2 Stlth+} (Okawaru gifted it to you on level 5 of the Realm of Zot)
 60914 | Zot:5    | Noticed an orb of fire
 60922 | Zot:5    | Killed an orb of fire
 60954 | Zot:5    | Reached skill level 19 in Invocations
 61018 | Zot:5    | Noticed an ancient lich
 61031 | Zot:5    | Killed an ancient lich
 61031 | Zot:5    | Received a gift from Okawaru
 61037 | Zot:5    | Got a polished troll leather armour {god gift}
 61048 | Zot:5    | Identified the +1 troll leather armour "Aggyskor" {MR+ Regen+ SInv} (Okawaru gifted it to you on level 5 of the Realm of Zot)
 61309 | Zot:5    | Noticed an ancient lich
 61318 | Zot:5    | Killed an ancient lich
 61966 | Zot:5    | Got the Orb of Zot
 62206 | D:15     | Noticed Edimomei the pandemonium lord
 62233 | D:15     | Noticed a seraph
 62376 | D:7      | Noticed Faakadal the pandemonium lord
 62579 | D:$      | Escaped with the Orb!

Skill      XL: |  1  2  3  4  5  6  7  8  9 10 11 12 13 14 15 16 17 18 19 20 21 22 23 24 25 26 27 |
---------------+----------------------------------------------------------------------------------+-----
Spellcasting   | 5 6 7 8 9 10 11 12 13 14 15 16 17 18 | 18.2
Invocations    | 1 2 3 4 5 6 7 8 9 10 11 12 13 14 15 16 17 18 19 | 19.1
Short Blades   | 1 2 3 4 5 6 7 8 9 10 11 12 13 14 15 16 17 | 17.7
Long Blades    | 1 2 3 4 5 6 7 8 9 10 11 12 13 14 15 16 17 | 17.7
Axes           | 1 2 3 4 5 6 7 8 9 10 11 12 13 14 15 16 17 | 17.7
Maces & Flails | 1 2 3 4 5 6 7 8 9 10 11 12 13 14 15 16 17 | 17.7
Staves         | 1 2 3 4 5 6 7 8 9 10 11 12 13 14 15 16 17 | 17.7
Slings         | 1 2 3 4 5 6 7 8 9 10 11 12 13 14 15 16 17 | 17.7
Bows           | 1 2 3 4 5 6 7 8 9 10 11 12 13 14 15 16 17 | 17.7
Crossbows      | 1 2 3 4 5 6 7 8 9 10 11 12 13 14 15 16 17 | 17.7
Throwing       | 1 2 3 4 5 6 7 8 9 10 11 12 13 14 15 16 17 | 17.7
Stealth        | 1 2 3 4 5 6 7 8 9 10 11 12 13 14 15 16 17 | 17.7
Shields        | 1 2 3 4 5 6 7 8 9 10 11 12 13 14 15 16 17 | 17.7
Unarmed Combat | 1 2 3 4 5 6 7 8 9 10 11 12 13 14 15 16 17 | 17.7
Evocations     | 1 2 3 4 5 6 7 8 9 10 11 12 13 14 15 16 17 | 17.7
Conjurations   | 1 2 3 4 5 6 7 8 9 10 11 12 13 14 15 | 15.3
Hexes          | 1 2 3 4 5 6 7 8 9 10 11 12 13 14 15 | 15.3
Summonings     | 1 2 3 4 5 6 7 8 9 10 11 12 13 14 15 | 15.3
Necromancy     | 1 2 3 4 5 6 7 8 9 10 11 12 13 14 15 | 15.3
Translocations | 1 2 3 4 5 6 7 8 9 10 11 12 13 14 15 | 15.3
Transmutations | 1 2 3 4 5 6 7 8 9 10 11 12 13 14 15 | 15.3
Fire Magic     | 1 2 3 4 5 6 7 8 9 10 11 12 13 14 15 | 15.3
Ice Magic      | 1 2 3 4 5 6 7 8 9 10 11 12 13 14 15 | 15.3
Air Magic      | 1 2 3 4 5 6 7 8 9 10 11 12 13 14 15 | 15.3
Earth Magic    | 1 2 3 4 5 6 7 8 9 10 11 12 13 14 15 | 15.3
Poison Magic   | 1 2 3 4 5 6 7 8 9 10 11 12 13 14 15 | 15.3
Armour         | 3 4 5 6 7 8 9 10 11 12 13 14 15 16 17 | 17.9
Fighting       | 5 6 7 8 9 10 11 12 13 14 15 16 17 18 | 18.2
Polearms       | 5 6 7 8 9 10 11 12 13 14 15 16 17 18 | 18.2
Dodging        | 5 6 7 8 9 10 11 12 13 14 15 16 17 18 | 18.2
Charms         | 6 7 8 9 10 11 12 13 14 15 16 | 16.0

Action                   |  1- 3 |  4- 6 |  7- 9 | 10-12 | 13-15 | 16-18 | 19-21 | 22-24 | 25-27 || total
-------------------------+-------+-------+-------+-------+-------+-------+-------+-------+-------++-------
Melee: Spear             |    76 |   139 |    92 |       |       |       |       |       |       ||   307
       Bite              |     6 |    12 |    37 |    52 |   114 |   155 |   190 |   159 |   117 ||   842
       Short sword       |       |       |   270 |    16 |       |       |       |       |       ||   286
       Trident           |       |       |       |   582 |   979 |   594 |       |       |       ||  2155
       Demon blade       |       |       |       |       |       |   531 |   355 |       |       ||   886
       Scimitar          |       |       |       |       |       |       |   568 |   514 |       ||  1082
       Demon trident     |       |       |       |       |       |       |       |   478 |  1041 ||  1519
 Fire: Hunting sling     |       |    23 |       |    26 |   205 |   695 |   640 |   172 |    59 ||  1820
       Blowgun           |       |       |    25 |       |    18 |       |       |       |       ||    43
Throw: Stone             |       |       |     2 |     2 |       |       |       |       |       ||     4
 Cast: Infusion          |    10 |     3 |    17 |    28 |    20 |     6 |     3 |     6 |     2 ||    95
       Spectral Weapon   |     2 |    18 |    56 |    85 |   114 |   112 |   111 |   112 |   119 ||   729
       Regeneration      |       |     3 |    13 |    31 |    45 |    49 |    59 |    59 |    54 ||   313
       Lee's Rapid Decon |       |       |       |     3 |     3 |    18 |     2 |    17 |       ||    43
       Conjure Flame     |       |       |       |       |    33 |     4 |     4 |       |       ||    41
       Conjure Ball Ligh |       |       |       |       |       |       |     2 |     2 |     1 ||     5
       Summon Lightning  |       |       |       |       |       |       |     1 |    48 |    40 ||    89
       Deflect Missiles  |       |       |       |       |       |       |     1 |     4 |    10 ||    15
       Portal Projectile |       |       |       |       |       |       |       |     8 |     2 ||    10
       Animate Dead      |       |       |       |       |       |       |       |    28 |    42 ||    70
       Blink             |       |       |       |       |       |       |       |     1 |       ||     1
       Silence           |       |       |       |       |       |       |       |     1 |       ||     1
       Iron Shot         |       |       |       |       |       |       |       |       |     3 ||     3
       Spellforged Servi |       |       |       |       |       |       |       |       |    21 ||    21
       Orb of Destructio |       |       |       |       |       |       |       |       |     2 ||     2
       Passwall          |       |       |       |       |       |       |       |       |     7 ||     7
Invok: Heroism           |       |       |       |     7 |    10 |    12 |     3 |     8 |     9 ||    49
       Finesse           |       |       |       |     1 |       |     1 |       |     3 |     2 ||     7
 Abil: Evoke Invisibilit |       |       |       |       |       |     2 |       |       |       ||     2
Evoke: Wand              |       |       |       |     5 |       |       |     1 |       |       ||     6
       Lightning rod     |       |       |       |     4 |    14 |     8 |     6 |     1 |       ||    33
       Lamp of fire      |       |       |       |     1 |     2 |     6 |     3 |     3 |     4 ||    19
  Use: Scroll            |       |       |     6 |    20 |    15 |     3 |    10 |    11 |    22 ||    87
       Potion            |       |       |       |     7 |     2 |     8 |       |     4 |     2 ||    23
 Stab: Sleeping          |     1 |     2 |     7 |    12 |     8 |    11 |    10 |     5 |    16 ||    72
       Distracted        |       |       |     3 |    11 |    19 |    29 |    22 |    34 |    43 ||   161
       Invisible         |       |       |       |       |       |     7 |       |       |       ||     7
       Confused          |       |       |       |       |       |     3 |       |       |       ||     3
       Paralysed         |       |       |       |       |       |       |     1 |       |       ||     1
  Eat: Chunk             |       |     6 |    14 |    23 |    28 |    20 |    33 |    21 |    13 ||   158
       Ration            |       |       |     1 |     1 |     1 |     7 |       |     3 |    10 ||    23
Armor: Leather armour    |    11 |     8 |    71 |    15 |     3 |       |       |       |       ||   108
       Troll leather arm |       |       |       |    52 |       |       |       |       |     8 ||    60
       Swamp dragon scal |       |       |       |     5 |   213 |   275 |   182 |   159 |   123 ||   957
Dodge: Dodged            |    35 |    62 |   205 |   311 |   353 |   645 |   352 |   351 |   326 ||  2640
       Deflected         |       |       |       |       |       |       |     1 |    22 |    95 ||   118
Block: Buckler           |     5 |    15 |    67 |   104 |   194 |       |       |       |       ||   385
       Shield            |       |       |       |       |    86 |   886 |   667 |   551 |   434 ||  2624
       Reflection        |       |       |       |       |       |    58 |    69 |    47 |    11 ||   185
       Rpst.: Demon blade |       |       |       |       |       |    37 |    34 |       |       ||    71
       Scimitar          |       |       |       |       |       |       |    39 |    39 |       ||    78
